Map: King Sejong Station LE

Players

Gracz - Winner!

  • Race: Protoss Protoss
  • League: Silver

Basse

  • Race: Protoss Protoss
  • League: Bronze

VOD

Have the link to the VOD?

Description

Time

  • Played on: Oct. 14, 2016, 10:53 a.m.
  • Length: 8:46
Show
View Real Time Build Order
Export as new Build Order

Gracz Protoss - Winner!

Build Orders:  

Get SALT Encoding   

  12  0:02  Probe (Chrono Boost)  
  13  0:13  Pylon  
  13  0:18  Probe (Chrono Boost)  
  15  0:28  Probe (Chrono Boost)  
  15  0:34  Assimilator  
  15  0:40  Probe (Chrono Boost)  
  16  0:45  Pylon  
  16  0:55  Gateway  
  16  1:04  Gateway  
  16  1:09  Probe (Chrono Boost)  
  17  1:20  Probe (Chrono Boost)  
  18  1:34  Gateway  
  18  1:35  Gateway  
  18  1:37  Probe (Chrono Boost)  
  19  1:48  Probe (Chrono Boost)  
  20  1:57  Cybernetics Core  
  20  2:01  Assimilator, Probe (Chrono Boost)  
  21  2:11  Probe (Chrono Boost)  
  22  2:19  Warp Gate  
  22  2:36  Adept x4  
  30  2:48  Pylon  
  30  3:10  Mothership Core (Chrono Boost)  
  32  4:08  Robotics Facility x2  
  26  5:30  Immortal  
  26  5:32  Immortal  
  32  5:41  Nexus  
  32  5:45  Pylon  
  32  5:48  Pylon  
  32  5:54  Pylon  
  32  5:55  Assimilator  
  32  5:59  Assimilator  
  32  6:01  Pylon  
  32  6:03  Stalker  
  32  6:04  Pylon, Stalker  
  36  6:13  Twilight Council  
  36  6:15  Stalker  
  36  6:17  Nexus  
  38  6:20  Pylon  
  38  6:22  Stalker  
  38  6:24  Pylon  
  40  6:28  Pylon  
  40  6:35  Stalker  
  40  6:37  Sentry  
  44  7:36  Stalker x4  
Show
View Real Time Build Order
Export as new Build Order

Basse Protoss 

Build Orders: 1 Gate Expand 

Get SALT Encoding   

  12  0:04  Probe (Chrono Boost)  
  13  0:15  Probe (Chrono Boost)  
  13  0:18  Pylon  
  14  0:32  Assimilator  
  14  0:33  Assimilator  
  14  0:46  Gateway  
  14  1:26  Nexus  
  14  1:36  Zealot  
  16  1:40  Cybernetics Core  
  16  1:51  Probe (Chrono Boost)  
  17  2:02  Probe (Chrono Boost)  
  18  2:12  Probe (Chrono Boost)  
  19  2:19  Pylon  
  19  2:23  Probe (Chrono Boost)  
  20  2:33  Probe (Chrono Boost)  
  21  2:41  Robotics Facility  
  21  2:46  Twilight Council  
  21  2:55  Stalker  
  23  3:24  Gateway  
  25  3:49  Zealot  
  25  3:57  Mothership Core (Chrono Boost)  
  26  4:16  Zealot  
  12  5:33  Probe (Chrono Boost)  
  14  5:37  Probe (Chrono Boost)  
  14  5:43  Probe (Chrono Boost)  
  14  5:48  Immortal  
  14  5:49  Probe (Chrono Boost)  
  16  5:54  Probe (Chrono Boost)  
  17  6:00  Pylon  
  17  6:01  Probe (Chrono Boost)  
  18  6:04  Probe (Chrono Boost)  
  19  6:13  Probe (Chrono Boost)  
  19  6:15  Probe (Chrono Boost)  
  21  6:25  Adept, Probe (Chrono Boost)  
  24  6:45  Probe (Chrono Boost)  
  25  6:53  Sentry  
  27  6:56  Probe (Chrono Boost)  
  28  7:07  Probe (Chrono Boost)  
  23  7:17  Probe (Chrono Boost)  
  22  7:28  Probe (Chrono Boost)  
Tags
 
Add a new tag
Caveats
  • Supply blocks, unpowered buildings, or Contaminate may cause inaccurate times.
  • Supply counts are checked every 10 seconds.